[Event "Early-Titled-Tuesday-Blitz-October-24-2023"]
[Site "Chess.com"]
[Date "2023.10.24"]
[Round "2"]
[White "Balla_Tamas"]
[Black "DTChess"]
[Result "0-1"]
[WhiteElo "2372"]
[BlackElo "2686"]
[TimeControl "180+1"]
[EndTime "8:16:56 PDT"]
[Termination "DTChess won by checkmate"]

1. e4 c6 2. d4 d5 3. exd5 cxd5 4. c4 Nf6 5. Nc3 e6 6. Nf3 Be7 7. Bd3 dxc4 8. Bxc4 Nbd7 9. O-O Nb6 10. Bd3 Nbd5 11. Bg5 O-O 12. Qe2 b6 13. Rad1 Bb7 14. Bb1 Rc8 15. Ne4 h6 16. Nxf6+ Nxf6 17. Bh4 Qd5 18.
Rfe1 Rfd8 19. Qd3 g6 20. Re5 Qc4 21. Qe3 Kg7 22. Qf4 Bxf3 23. gxf3 Rd5 24. Rxd5 Qxd5 25. Re1 Nh5 26. Qg4 Bxh4 27. Qxh4 Nf6 28. Qf4 Qg5+ 29. Qxg5 hxg5 30. Kf1 Rd8 31. Ke2 Rxd4 32. Rc1 Nd5 33. Be4 Nf4+ 34. Ke3 Rd7 35. h4 Ng2+ 36. Ke2 Nxh4 37.
Rc8 Ng2 38. Bc6 Re7 39. a4 Nf4+ 40. Kf1 Kf6 41. b4 e5 42. a5 bxa5 43. bxa5 Re6 44. Bb7 Rd6 45. a6 Rd1# 0-1

[Event "Early-Titled-Tuesday-Blitz-October-24-2023"]
[Site "Chess.com"]
[Date "2023.10.24"]
[Round "2"]
[White "NMJeevanK"]
[Black "seopie"]
[Result "0-1"]
[WhiteElo "2584"]
[BlackElo "2907"]
[TimeControl "180+1"]
[EndTime "8:16:58 PDT"]
[Termination "seopie won by resignation"]

1. e4 c5 2. Nc3 e6 3. g3 d5 4. exd5 exd5 5. d4 cxd4 6. Qxd4 Nf6 7.
Bg5 Be7 8. O-O-O Nc6 9. Qa4 d4 10. Bg2 O-O 11. Bxc6 bxc6 12. Rxd4 Qb6 13. Nge2 Rb8 14. b3 Ba6 15. Rhd1 Bb5 16. Bxf6 Bxf6 17. Nxb5 cxb5 18. Qb4 a5 19. Qd2 Bxd4 20. Nxd4 Rfd8 21. Kb1 b4 22. Qf4 g6 23. Rd3 Rb7 24. Qe5 f6 25. Qe4 Rbd7 26. Nc6 Rxd3 27. Qe6+ Kg7 28. cxd3 Rxd3 29. Qe7+ Kh6 30. Qxf6 Qc5 31. Qh4+ Kg7 32.
Qc4 Qxc4 33. bxc4 Rd2 34. Nxa5 Rxf2 35. c5 Kf6 36. c6 Ke6 37. Nc4 Rxh2 38. Nb6 Kd6 39.
c7 Kxc7 40. Nd5+ Kb7 41. Nxb4 Rg2 0-1

[Event "Early-Titled-Tuesday-Blitz-October-24-2023"]
[Site "Chess.com"]
[Date "2023.10.24"]
[Round "2"]
[White "giomar27"]
[Black "AljoschaFeuerstack"]
[Result "1/2-1/2"]
[WhiteElo "2360"]
[BlackElo "2630"]
[TimeControl "180+1"]
[EndTime "8:16:58 PDT"]
[Termination "Game drawn by repetition"]

1. d4 a6 2. e4 c6 3. Nc3 d5 4. e5 c5 5. dxc5 e6 6. Be3 Nd7 7. b4 Nxe5 8. Nf3 Nc6 9. a3 Nf6 10. Be2 Be7 11. O-O e5 12. Bg5 Be6 13. Na4 Qc7 14.
Nb6 Rd8 15. c3 O-O 16. Qc2 h6 17. Bh4 g5 18. Bg3 Ne4 19. c4 Nxg3 20. fxg3 d4 21. b5 Bxc5 22. Nd5 Bxd5 23. cxd5 Rxd5 24. Qf5 d3+ 25. Kh1 dxe2 26. Nxg5 exf1=Q+ 27. Rxf1 f6 28. Qe6+ Kg7 29. Qxd5 hxg5 30. bxc6 Qxc6 31. Qd3 Rh8 32. Rd1 Bd4 33. Rb1 b5 34. a4 b4 35. Qf5 a5 36.
h4 gxh4 37. Qg4+ Kf7 38. gxh4 Bf2 39. h5 Qc2 40. Rf1 Bd4 41. Qd7+ Kg8 42. Qe8+ Kg7 43.
Qe7+ Kg8 44. Qe8+ Kg7 45. Qe7+ Kg8 46. Qe8+ 1/2-1/2

[Event "Early-Titled-Tuesday-Blitz-October-24-2023"]
[Site "Chess.com"]
[Date "2023.10.24"]
[Round "2"]
[White "LiemLe"]
[Black "Flameboard08"]
[Result "1-0"]
[WhiteElo "2985"]
[BlackElo "2606"]
[TimeControl "180+1"]
[EndTime "8:16:59 PDT"]
[Termination "LiemLe won on time"]

1. Nf3 d5 2. e3 Nf6 3. c4 c6 4. Nc3 g6 5. d4 Bg7 6. Be2 O-O 7. O-O Bf5 8. cxd5 cxd5 9. Qb3 b6 10. Ne5 e6 11. g4 Nxg4 12. Nxg4 Bxg4 13. Bxg4 Qg5 14. h3 h5 15. f4 Qh4 16. Bf3 Qxh3 17. Bg2 Qh4 18. Bd2 Nd7 19. Rac1 Kh8 20. Be1 Qe7 21.
Nb5 a5 22. Rc7 Rad8 23. Qa3 Qf6 24. Qd6 Nc5 25. Qe5 Nd7 26. Qxf6 Bxf6 27. Bd2 g5 28. f5 g4 29. Na7 Nb8 30. Rb7 h4 31. Rxb6 h3 32. fxe6 fxe6 33. Rxe6 Bg5 34. Rxf8+ Rxf8 35. Rg6 Bh4 36. Rh6+ Kg7 37. Rxh4 hxg2 38. Rxg4+ Kh7 39.
Rxg2 Rf7 40. Nb5 Rb7 41. a4 Nc6 42. Rg5 Ne7 43. Bxa5 Nc6 44. Bc3 Ne7 45. Kf2 Rb6 46. Ke2 Rb7 47. Re5 Kg6 48. Kd3 Rd7 49. Bb4 Nc6 50.
Re6+ Kf5 51. Rxc6 Rh7 52. Nd6+ Ke6 53. Nc4+ 1-0

[Event "Early-Titled-Tuesday-Blitz-October-24-2023"]
[Site "Chess.com"]
[Date "2023.10.24"]
[Round "2"]
[White "Beca95"]
[Black "Sanyura"]
[Result "1-0"]
[WhiteElo "2939"]
[BlackElo "2591"]
[TimeControl "180+1"]
[EndTime "8:16:59 PDT"]
[Termination "Beca95 won by checkmate"]

1. d4 Nf6 2. Bg5 Ne4 3. h4 d5 4. Nd2 Bf5 5. Nxe4 Bxe4 6. e3 c5 7. c3 Nc6 8. Nf3 g6 9. Bd3 Qb6 10. Rb1 Bg7 11. h5 O-O 12. hxg6 hxg6 13. Bf4 cxd4 14.
exd4 e5 15. Bxe4 dxe4 16. Nxe5 Nxe5 17. dxe5 Qe6 18. Qd4 Qg4 19. Bg3 Rad8 20. Rh4 Qg5 21. Qxe4 Rfe8 22. Kf1 Bxe5 23. Qg4 Qxg4 24. Rxg4 Bxg3 25.
Rxg3 Rd2 26. Rf3 Ree2 27. b4 Rxa2 28. g3 Rec2 29. Rd1 Ra3 30. Rd8+ Kg7 31. Rd7 Raxc3 32. Rfxf7+ Kh6 33. Rxb7 Rb2 34. Kg2 Rc4 35. Rxa7 Rcxb4 36. Kh3 Rb5 37. f4 g5 38. Rf6+ Kh5 39. g4# 1-0

[Event "Early-Titled-Tuesday-Blitz-October-24-2023"]
[Site "Chess.com"]
[Date "2023.10.24"]
[Round "2"]
[White "MKlose11"]
[Black "Jojo_898"]
[Result "1-0"]
[WhiteElo "2638"]
[BlackElo "2350"]
[TimeControl "180+1"]
[EndTime "8:17:00 PDT"]
[Termination "MKlose11 won by resignation"]

1. e4 d6 2. d4 Nf6 3. Nc3 g6 4. Bg5 Bg7 5. Qd2 h5 6. f3 c6 7. a4 a6 8. a5 Nbd7 9. Nge2 b5 10. axb6 Qxb6 11. b3 O-O 12. Bh6 e5 13. Bxg7 Kxg7 14. h4 exd4 15. Qxd4 c5 16. Qd2 Ne5 17. Nf4 Bb7 18.
Be2 c4 19. bxc4 Rac8 20. Rb1 Qa7 21. Ncd5 Nxc4 22. Bxc4 Rxc4 23. Nxf6 Kxf6 24. Qxd6+ Kg7 25. Qe5+ Kh7 26. Rxb7 Qxb7 27. O-O Rxc2 28. Nd5 Rc6 29. Nf6+ Kh6 30. Qg5+ Kg7 31. Nxh5+ Kh7 32. Nf6+ Kg7 33. Nd5 Re6 34. Rc1 Qa7+ 35. Kh2 Rh8 36. Qf4 Qf2 37.
Kh3 Qc5 38. Rxc5 1-0

[Event "Early-Titled-Tuesday-Blitz-October-24-2023"]
[Site "Chess.com"]
[Date "2023.10.24"]
[Round "2"]
[White "NovoselovRoman"]
[Black "RamonManon0g"]
[Result "1-0"]
[WhiteElo "2567"]
[BlackElo "2326"]
[TimeControl "180+1"]
[EndTime "8:17:00 PDT"]
[Termination "NovoselovRoman won by resignation"]

1. d4 Nf6 2. Nc3 d5 3. Bf4 e6 4.
e3 c5 5. Nf3 cxd4 6. exd4 Bb4 7.
Bd3 O-O 8. O-O Nc6 9. Ne2 Bd6 10. c3 Bxf4 11. Nxf4 Ne4 12. Re1 f5 13. Rc1 g5 14.
Nh5 g4 15. Ne5 Nxf2 16. Kxf2 Qh4+ 17. Ng3 f4 18. Qxg4+ Qxg4 19. Nxg4 fxg3+ 20. Kxg3 Bd7 21. Rf1 Kg7 22. Bb5 Nxd4 23. Bxd7 Ne2+ 24. Kh3 Nxc1 25. Rxc1 Kf7 26. Re1 h5 27. Bxe6+ Kg7 28. Ne3 Rf2 29.
b4 Rxa2 30. Bxd5 Ra3 31. Rc1 Rc8 32. Nd1 b6 33. Bf3 Kg6 34. c4 Rb3 35. c5 Rxb4 36. c6 a5 37. Ne3 a4 38. Nd5 Rb3 39. Ne7+ Kg5 40. Nxc8 a3 41. Nd6 a2 42. Ra1 Rb2 43. c7 Rc2 44. c8=Q Rxc8 45. Nxc8 1-0

[Event "Early-Titled-Tuesday-Blitz-October-24-2023"]
[Site "Chess.com"]
[Date "2023.10.24"]
[Round "2"]
[White "tomobeast"]
[Black "LoydBlankenship"]
[Result "0-1"]
[WhiteElo "2236"]
[BlackElo "2655"]
[TimeControl "180+1"]
[EndTime "8:17:01 PDT"]
[Termination "LoydBlankenship won by resignation"]

1. e4 e6 2. d4 d5 3. Nc3 Bb4 4. e5 c5 5. a3 Bxc3+ 6. bxc3 Ne7 7. h4 Qa5 8. h5 Qxc3+ 9. Bd2 Qxd4 10. Nf3 Qe4+ 11.
Be3 d4 12. Bd3 Qc6 13. a4 Bd7 14. Bg5 h6 15. Bxe7 Kxe7 16. Nd2 Qxg2 17. Be4 Qg5 18. Nf3 Qf4 19. Rh4 Qxh4 20. Nxh4 Nc6 21. f4 Rac8 22. Qg4 Rcg8 23. Rb1 b6 24. Kd2 Na5 25. Bd3 c4 26. Be4 c3+ 27. Kd3 Bxa4 28. f5 Bd7 29. Kxd4 Rd8 30.
Kxc3 Rc8+ 31. Kd3 Rhg8 32. Rg1 Nc4 33. fxe6 Nxe5+ 34. Ke3 Nxg4+ 35. Rxg4 Bxe6 36. Rg2 Rc3+ 37. Kd4 Rc4+ 38. Ke5 f6+ 39. Kf4 Bd5 40. Nf5+ Kd7 41. Rd2 Rxe4+ 42. Kf3 Re5+ 43. Kf4 Ke6 44. Nd4+ Kf7 45.
Nb5 Rd8 46. Nc7 Rd7 47. Nb5 Bc6 48. Nd4 Red5 49. c3 Bb7 50. Re2 Rxh5 51. Kg4 Re5 52. Kf4 Rxd4+ 53. cxd4 Rxe2 54. d5 Rd2 55. d6 Rxd6 56.
Ke3 Rd5 57. Kf2 Re5 0-1

[Event "Early-Titled-Tuesday-Blitz-October-24-2023"]
[Site "Chess.com"]
[Date "2023.10.24"]
[Round "2"]
[White "diamonds13"]
[Black "Ind1anStar"]
[Result "1-0"]
[WhiteElo "2296"]
[BlackElo "2482"]
[TimeControl "180+1"]
[EndTime "8:17:01 PDT"]
[Termination "diamonds13 won by checkmate"]

1. d4 Nf6 2. c4 c5 3. d5 b5 4.
cxb5 a6 5. Nc3 g6 6. e4 d6 7. f4 Bg7 8. Nf3 O-O 9. a4 axb5 10. Bxb5 Ba6 11. Nd2 e6 12. O-O Bxb5 13. Nxb5 exd5 14. exd5 Nxd5 15. Nc4 Nb6 16. Nxb6 Qxb6 17. Qxd6 Nc6 18. Be3 Rxa4 19. Rxa4 Qxb5 20. Re4 Nd4 21. f5 Ne2+ 22.
Kf2 Qxb2 23. Qd2 Nc3 24. Rc4 Qb3 25. Qd3 Qa2+ 26. Kg1 Ne2+ 27. Kh1 Nd4 28. f6 Bh8 29. Rxc5 Ne6 30. Rd5 Qb2 31. Bh6 Rb8 32. Bg5 Re8 33.
h4 Qb4 34. g3 Qb7 35. Kh2 Qb2+ 36. Qd2 Qb3 37. Rd7 Qb5 38. Rd1 Qf5 39. Re7 Rf8 40.
Bh6 Rc8 41. Qd7 Rc2+ 42. Rd2 Rxd2+ 43. Qxd2 Qb5 44. Rxe6 fxe6 45. Qd8+ Kf7 46. Qf8# 1-0

[Event "Early-Titled-Tuesday-Blitz-October-24-2023"]
[Site "Chess.com"]
[Date "2023.10.24"]
[Round "2"]
[White "m_ezat"]
[Black "Grischuk"]
[Result "0-1"]
[WhiteElo "2610"]
[BlackElo "2985"]
[TimeControl "180+1"]
[EndTime "8:17:02 PDT"]
[Termination "Grischuk won by checkmate"]

1. d4 e6 2. c4 b6 3. e4 Bb4+ 4. Bd2 Bxd2+ 5. Qxd2 d5 6. Nc3 dxe4 7. Nxe4 Bb7 8. Ng3 Nf6 9. Qc3 O-O 10. Nf3 c5 11.
O-O-O Qc7 12. Bd3 Bxf3 13. gxf3 Qf4+ 14. Kb1 cxd4 15. Qc2 Nc6 16. a3 Rfd8 17. Rhg1 Rac8 18. Ne4 g6 19. Ng5 Ne5 20. Rg3 Kg7 21. Rdg1 Rd6 22. h4 Rc7 23. Ne4 Nxe4 24. fxe4 h6 25. Ka1 Rdc6 26.
h5 g5 27. Qe2 Nxd3 28. Qxd3 Rxc4 29. Rf3 Qe5 30. Ka2 b5 31. Rfg3 a5 32. Rg4 Kf8 33.
f4 gxf4 34. Rf1 b4 35. Rgxf4 R4c6 36. a4 Qc5 37. Qd2 Qc4+ 38. Ka1 b3 39. Rb1 Qxa4# 0-1

[Event "Early-Titled-Tuesday-Blitz-October-24-2023"]
[Site "Chess.com"]
[Date "2023.10.24"]
[Round "2"]
[White "BardArtem"]
[Black "Cristi_Coca"]
[Result "1-0"]
[WhiteElo "2702"]
[BlackElo "2403"]
[TimeControl "180+1"]
[EndTime "8:17:02 PDT"]
[Termination "BardArtem won by resignation"]

1. e4 c5 2. c3 d5 3. exd5 Qxd5 4. d4 Nf6 5. Nf3 Nc6 6. Be3 Bg4 7. Be2 cxd4 8. cxd4 e6 9. Nc3 Bb4 10. O-O Bxc3 11.
bxc3 O-O 12. Rb1 b6 13. c4 Qd6 14. c5 bxc5 15. dxc5 Qxd1 16. Rfxd1 Nd5 17. Bg5 Nc3 18. Bb5 Bxf3 19. gxf3 Nxd1 20. Bxc6 Rac8 21. Bb7 Nc3 22. Bxc8 Rxc8 23. Rb7 f6 24. Be3 Nxa2 25. Rxa7 Nb4 26. Kf1 Nd5 27. Ra5 Kf7 28. Ke2 Ke7 29. Kd3 Kd7 30. Kc4 Rb8 31. Ra7+ Nc7 32. Bd2 Kc6 33. Ba5 Nd5 34. Ra6+ Kd7 35. c6+ Kc8 36. Ra7 Rb1 37. Rxg7 Rc1+ 38. Kb5 Rb1+ 39. Kc5 1-0

[Event "Early-Titled-Tuesday-Blitz-October-24-2023"]
[Site "Chess.com"]
[Date "2023.10.24"]
[Round "2"]
[White "cthulhuuu"]
[Black "Zavgorodniy_Sergiy"]
[Result "1-0"]
[WhiteElo "2394"]
[BlackElo "2689"]
[TimeControl "180+1"]
[EndTime "8:17:03 PDT"]
[Termination "cthulhuuu won by resignation"]

1. e4 c6 2. d3 d5 3. Nd2 e5 4.
Ngf3 Bd6 5. d4 exd4 6. exd5 Nf6 7. dxc6 Nxc6 8. Nb3 O-O 9. Be2 Re8 10. O-O Bg4 11.
h3 Bh5 12. Nfxd4 Bxe2 13. Nxe2 Qe7 14. Ned4 Nxd4 15. Nxd4 Rad8 16. c3 Qe5 17. Nf3 Qh5 18.
Nd4 Qg6 19. Qf3 Ne4 20. Bf4 Bxf4 21. Qxf4 Nc5 22. Rfe1 Nd3 23. Rxe8+ Rxe8 24. Qd2 h6 25. Rd1 Nc5 26. Re1 Rxe1+ 27. Qxe1 Nd3 28. Qe2 Nf4 29. Qf3 Qb1+ 30. Kh2 g5 31. Qxb7 Qxa2 32. Nf5 Qe6 33. g4 Qe5 34. Nxh6+ Kh7 35. Nxf7 Qe2 36. Nd6+ Kg8 37. Qf7+ Kh8 38. Qf8+ Kh7 39. Qf7+ Kh8 40. Qf6+ Kh7 41. Qf5+ Kh8 42. Ne4 Qf3 43. Qf8+ Kh7 44. Nxg5+ Kg6 45. Nxf3 1-0

[Event "Early-Titled-Tuesday-Blitz-October-24-2023"]
[Site "Chess.com"]
[Date "2023.10.24"]
[Round "2"]
[White "wonderfultime"]
[Black "GeorgiosSouleidis"]
[Result "1-0"]
[WhiteElo "2999"]
[BlackElo "2613"]
[TimeControl "180+1"]
[EndTime "8:17:04 PDT"]
[Termination "wonderfultime won on time"]

1. d4 Nf6 2. c4 g6 3. g3 Bg7 4.
Bg2 O-O 5. Nf3 d6 6. O-O Nc6 7. d5 Na5 8. Na3 c5 9. Re1 a6 10. e4 Nd7 11. Rb1 b5 12. b3 Rb8 13. Bd2 Ne5 14.
Nxe5 Bxe5 15. Qe2 Bd7 16. f4 Bg7 17. Bf1 Re8 18. Qf3 Qc7 19. Bd3 e6 20. Nc2 exd5 21.
exd5 bxc4 22. bxc4 Rxb1 23. Rxb1 f5 24. Qf1 Ba4 25. Re1 Rxe1 26. Qxe1 Nb7 27. Kg2 Nd8 28.
Ba5 Qd7 29. Qe2 Kf8 30. Ne1 Qe7 31. Qf1 Be8 32. Nf3 h6 33. Qc1 Bf6 34. Bd2 Nf7 35. Qa3 Qb7 36. h3 Bd7 37. Bc3 Bxc3 38. Qxc3 Kg8 39.
Qf6 Nh8 40. Kf2 Qc7 41. Nh4 Be8 42. g4 fxg4 43. hxg4 Qf7 44. Qxd6 g5 45. Nf5 1-0

[Event "Early-Titled-Tuesday-Blitz-October-24-2023"]
[Site "Chess.com"]
[Date "2023.10.24"]
[Round "2"]
[White "MatyChess1"]
[Black "MidnightFox"]
[Result "1-0"]
[WhiteElo "2749"]
[BlackElo "2477"]
[TimeControl "180+1"]
[EndTime "8:17:04 PDT"]
[Termination "MatyChess1 won by checkmate"]

1. d4 Nf6 2. Bf4 g6 3. e3 Bg7 4. Nf3 O-O 5. Be2 b6 6. c4 d5 7. Nc3 Bb7 8. O-O dxc4 9. Bxc4 Nd5 10. Nxd5 Bxd5 11. Bxd5 Qxd5 12. Bxc7 Nc6 13. Bg3 Rfd8 14. Rc1 Rac8 15. Qa4 Na5 16. b3 f6 17. h3 e5 18.
dxe5 fxe5 19. Qg4 Rxc1 20. Rxc1 Nc6 21. Ng5 Re8 22. Qh4 h6 23. Ne4 Rf8 24. Qg4 Kh7 25.
Rd1 Qf7 26. Rd7 Qf5 27. Rc7 Nb4 28. Qxf5 gxf5 29. Bxe5 Rg8 30. Nf6+ Kh8 31. a3 Nd3 32. Bd4 Rf8 33. Nd7 Rg8 34. Nf6 Rf8 35. Nh5 Bxd4 36. exd4 Re8 37. Nf6 Re1+ 38. Kh2 Nxf2 39. Rh7# 1-0

[Event "Early-Titled-Tuesday-Blitz-October-24-2023"]
[Site "Chess.com"]
[Date "2023.10.24"]
[Round "2"]
[White "ukchessbomber"]
[Black "knightinshiningarmour16"]
[Result "1-0"]
[WhiteElo "2650"]
[BlackElo "2148"]
[TimeControl "180+1"]
[EndTime "8:17:04 PDT"]
[Termination "ukchessbomber won by checkmate"]

1. h3 d5 2. g3 Bf5 3. Bg2 e6 4. d3 c6 5. Nd2 Nf6 6. e4 Bg6 7. Ne2 h6 8. O-O Nbd7 9. b3 Be7 10. Bb2 O-O 11. a3 Nc5 12. b4 Ncd7 13. c4 dxe4 14. Nxe4 Nxe4 15. dxe4 Nf6 16. Qc2 a5 17. Bc3 axb4 18.
axb4 Qb6 19. Qb2 Qc7 20. Be5 Qb6 21. Bc3 Rfd8 22. Nf4 Bh7 23. Rxa8 Rxa8 24. Ra1 Rxa1+ 25. Qxa1 Qc7 26. Qa8+ Qd8 27. Qxb7 Nxe4 28. Be5 Qd1+ 29.
Kh2 Nxf2 30. Qxe7 Be4 31. Nxe6 Ng4+ 32. hxg4 Qxg4 33. Qe8+ Kh7 34. Bxe4+ Qxe4 35. Nf8+ Kg8 36. Nd7+ Kh7 37. Nf8+ Kg8 38. Nd7+ Kh7 39. Nf6+ gxf6 40. Qxf7+ Kh8 41. Bxf6# 1-0

[Event "Early-Titled-Tuesday-Blitz-October-24-2023"]
[Site "Chess.com"]
[Date "2023.10.24"]
[Round "2"]
[White "masterofpuppets2"]
[Black "Resignify"]
[Result "1-0"]
[WhiteElo "2526"]
[BlackElo "2303"]
[TimeControl "180+1"]
[EndTime "8:17:04 PDT"]
[Termination "masterofpuppets2 won on time"]

1. d4 Nf6 2. c4 g6 3. f3 Bg7 4. e4 d6 5. Nc3 O-O 6. Be3 e5 7. d5 Ne8 8. Bd3 f5 9. exf5 gxf5 10. Nge2 Nd7 11. f4 e4 12. Bc2 Nef6 13. h3 a5 14. Qd2 Nc5 15. O-O Bd7 16. Kh2 Kh8 17. Rg1 Rg8 18.
g3 Qe8 19. Nd4 Qh5 20. Bd1 Qf7 21. Be2 Rae8 22. Rg2 Nd3 23. Rag1 h5 24. Kh1 Bh6 25. Qd1 Rg7 26. Kh2 Reg8 27. Bxd3 exd3 28. Qxd3 h4 29. Nxf5 hxg3+ 30. Nxg3 Nh5 31. f5 Bxe3 32. Qxe3 Nxg3 33. Rxg3 Rxg3 34. Rxg3 Rxg3 35. Qxg3 Qxf5 36. Qh4+ Kg7 37. Ne4 Qe5+ 38. Qg3+ Kf7 39. Qxe5 dxe5 40. Nc5 Bc8 41. Kg3 Kf6 42. Ne4+ Kf5 43. Kf3 b6 44. h4 1-0

[Event "Early-Titled-Tuesday-Blitz-October-24-2023"]
[Site "Chess.com"]
[Date "2023.10.24"]
[Round "2"]
[White "artin10862"]
[Black "temiksmozg"]
[Result "1-0"]
[WhiteElo "2883"]
[BlackElo "2579"]
[TimeControl "180+1"]
[EndTime "8:17:05 PDT"]
[Termination "artin10862 won by resignation"]

1. d4 d5 2. c4 c6 3. Nf3 e6 4. Qc2 Nf6 5. Bg5 Nbd7 6. e3 Be7 7. Nc3 O-O 8. Rd1 h6 9. Bh4 a6 10. a3 dxc4 11. Bxc4 b5 12. Bd3 Bb7 13. Ne4 Nxe4 14.
Bxe7 Qxe7 15. Bxe4 Nf6 16. Bd3 Rfc8 17. b4 a5 18. Qc5 Qxc5 19. bxc5 b4 20. O-O Ba6 21. Ne5 Nd5 22. Ra1 b3 23. a4 Nc3 24. Bxa6 Rxa6 25. Ra3 Rb8 26. g3 b2 27. Rxc3 b1=Q 28. Rxb1 Rxb1+ 29. Kg2 Rb4 30. Ra3 Kf8 31. Nd7+ Ke7 32. Nb6 Kd8 33. Rc3 Kc7 34. Kf3 f6 35. h4 g6 36. Rc1 h5 37. g4 hxg4+ 38. Kxg4 e5 39. Rd1 exd4 40. exd4 Raxb6 41. cxb6+ Kxb6 42. h5 gxh5+ 43. Kxh5 Rxa4 44. Kg6 Ra3 45. f4 Rf3 46. f5 a4 47. Kxf6 a3 48. Ke6 Kb5 49. f6 Kc4 50. f7 a2 51. Ke7 Rf2 52. f8=Q Rxf8 53. Kxf8 c5 54. dxc5 Kxc5 55. Ra1 1-0

[Event "Early-Titled-Tuesday-Blitz-October-24-2023"]
[Site "Chess.com"]
[Date "2023.10.24"]
[Round "2"]
[White "NovozhilovSemen"]
[Black "Chessbard1972"]
[Result "1-0"]
[WhiteElo "2672"]
[BlackElo "2343"]
[TimeControl "180+1"]
[EndTime "8:17:05 PDT"]
[Termination "NovozhilovSemen won by checkmate"]

1. d4 Nf6 2. Nf3 g6 3. Nc3 d5 4. Bf4 Bg7 5. Nb5 Na6 6. e3 c6 7. Nc3 Nc7 8. Be2 Ne6 9. Be5 O-O 10. h4 h5 11. Ng5 Nc7 12. f3 Nce8 13. g4 b5 14. a3 a5 15. Nh3 hxg4 16. fxg4 Ne4 17.
Nxe4 Bxe5 18. dxe5 Qb6 19. Nef2 Qxe3 20. Qd2 Qxe5 21. h5 Qxb2 22. Rd1 Qg7 23. Bd3 Nd6 24. h6 Qe5+ 25. Kf1 Ne4 26. Bxe4 dxe4 27. h7+ Kh8 28. Qe3 Be6 29. Nf4 Bc4+ 30. Kg2 Rad8 31. Kh3 Bd5 32. Rhe1 Qg7 33. Nxe4 Qxh7+ 34. Kg3 Kg8 35. Nxd5 cxd5 36. Ng5 Qg7 37. Rh1 e5 38. Rh7 Qf6 39. Rdh1 Rfe8 40. Qc1 Qf4+ 41. Qxf4 exf4+ 42. Kxf4 Re7 43. Rh8+ Kg7 44. R1h7+ Kf6 45. Rxd8 Re1 46. Rxf7# 1-0

[Event "Early-Titled-Tuesday-Blitz-October-24-2023"]
[Site "Chess.com"]
[Date "2023.10.24"]
[Round "2"]
[White "Karttunen"]
[Black "Magila31"]
[Result "0-1"]
[WhiteElo "2606"]
[BlackElo "2371"]
[TimeControl "180+1"]
[EndTime "8:17:06 PDT"]
[Termination "Magila31 won by checkmate"]

1. c4 g6 2. Nc3 Bg7 3. g3 Nf6 4. Bg2 O-O 5. Nf3 c6 6. O-O d5 7. d4 dxc4 8. e4 Bg4 9. h3 Bxf3 10. Bxf3 e5 11. d5 cxd5 12. exd5 Ne8 13. Be3 Nd6 14. Bc5 Na6 15. Ba3 Rc8 16. Qa4 Qb6 17. Ne4 Nxe4 18.
Bxf8 Nxg3 19. Bxg7 Nxf1 20. Bh6 Ng3 21. Be3 Qxb2 22. Rd1 Nf5 23. Bc1 Qc3 24. Bg4 Nc5 25.
Qxa7 Qc2 26. d6 Nd4 27. Be3 f5 28. Rc1 Qe4 29. Bd1 Nd3 30. d7 Rd8 31. Rxc4 Ne2+ 32. Bxe2 Qxc4 33. Qxb7 e4 34. Bd1 Qc3 35. Bb3+ Kg7 36.
Kg2 f4 37. Bb6 f3+ 38. Kg3 Qe5+ 39. Kg4 h5+ 40. Kh4 Qf4# 0-1

[Event "Early-Titled-Tuesday-Blitz-October-24-2023"]
[Site "Chess.com"]
[Date "2023.10.24"]
[Round "2"]
[White "SashaKuzhilniy"]
[Black "Millerkallpa"]
[Result "1-0"]
[WhiteElo "2644"]
[BlackElo "2055"]
[TimeControl "180+1"]
[EndTime "8:17:08 PDT"]
[Termination "SashaKuzhilniy won on time"]

1. b3 e5 2. Bb2 d6 3. e3 Nf6 4. c4 Be7 5. Nf3 O-O 6. d4 exd4 7. Nxd4 Nc6 8. Nxc6 bxc6 9. Be2 a5 10. O-O a4 11. b4 Nd7 12. a3 Bf6 13. Nc3 Nb6 14. c5 dxc5 15. bxc5 Nd5 16. Nxa4 Bxb2 17. Nxb2 Nc3 18. Qc2 Nxe2+ 19. Qxe2 Ba6 20. Nc4 Qd5 21. Rfc1 Qxc5 22. Qg4 Bb5 23. Nd2 Qe7 24. Qb4 Qf6 25. Nf3 Rfd8 26. h3 Qd6 27. Nd4 Qxb4 28. axb4 Rxa1 29.
Rxa1 g6 30. Ra7 Rd7 31. Rb7 Ba4 32. g4 h6 33. Kh2 Kg7 34. Kg3 Kf6 35. Ra7 Bb5 36.
Nxb5 cxb5 37. Rb7 Ke6 38. Rxb5 Rd1 39. Rc5 Kd6 40. Rc4 Rb1 41. Rf4 Ke6 42. Rc4 Kd6 43. h4 f6 44. Rf4 Ke6 45. Rc4 Kd6 46. h5 gxh5 47. gxh5 Rb2 48. f3 Ke6 49. Rxc7 Rxb4 50. Rh7 Kf5 51. Rxh6 Rb1 52. e4+ Kg5 53. Rg6+ Kxh5 54.
Rxf6 Kg5 55. Rf8 Rg1+ 56. Kf2 1-0

[Event "Early-Titled-Tuesday-Blitz-October-24-2023"]
[Site "Chess.com"]
[Date "2023.10.24"]
[Round "2"]
[White "Shivananda1964"]
[Black "Susal_De_Silva"]
[Result "0-1"]
[WhiteElo "2391"]
[BlackElo "2743"]
[TimeControl "180+1"]
[EndTime "8:17:08 PDT"]
[Termination "Susal_De_Silva won on time"]

1. e4 g6 2. d4 Bg7 3. Nc3 d6 4. Nf3 a6 5. a4 b6 6. g3 Bb7 7.
Bg2 Nd7 8. O-O e6 9. Re1 Ne7 10. h4 h6 11. Be3 Nf6 12. Bf4 Qd7 13. Qd2 Ng4 14. Bh3 h5 15. Ng5 f6 16. Nxe6 Qxe6 17. f3 O-O-O 18. fxg4 hxg4 19. Bg2 Qf7 20. a5 b5 21. Qe2 g5 22. Qxg4+ Kb8 23. hxg5 fxg5 24. Be3 Nc6 25. e5 dxe5 26. d5 Nd4 27. Rac1 b4 28.
Ne4 Qxd5 29. c3 Nb3 30. Rcd1 Qc4 31. Rxd8+ Rxd8 32. Qxg5 Rg8 33. Qe7 bxc3 34. Nd6 Qb4 35. Nxb7 Qxe7 36. bxc3 c6 37. Rb1 Qxb7 0-1

[Event "Early-Titled-Tuesday-Blitz-October-24-2023"]
[Site "Chess.com"]
[Date "2023.10.24"]
[Round "2"]
[White "SchmakAttack"]
[Black "SnekkerAndersen"]
[Result "1-0"]
[WhiteElo "2759"]
[BlackElo "2518"]
[TimeControl "180+1"]
[EndTime "8:17:11 PDT"]
[Termination "SchmakAttack won by resignation"]

1. d4 d5 2. Nf3 Nf6 3. c3 e6 4. Bg5 c5 5. e3 Nc6 6. Nbd2 Be7 7. Bd3 h6 8. Bxf6 Bxf6 9. dxc5 O-O 10. Qe2 Qe7 11.
Nb3 a5 12. a4 g6 13. e4 dxe4 14. Bxe4 Bg7 15. O-O f5 16. Bxc6 bxc6 17. Rfe1 Qc7 18. Nbd4 Re8 19. Ne5 Kh7 20. f4 Ba6 21. Qf3 Qe7 22.
Qxc6 Bb7 23. Qd6 Bd5 24. c4 Bxe5 25. Rxe5 Qxd6 26. cxd6 Bxc4 27. Rc1 Bd5 28. Rc7+ Kg8 29. d7 Red8 30. Nxe6 Bxe6 31. Rxe6 Kf7 32. Rcc6 Rab8 33. Rf6+ Ke7 34. Rxg6 Rxb2 35. Rg7+ Kf8 36. Rh7 Kg8 37. Re7 Kf8 38. Rce6 Rb1+ 39. Kf2 Rd1 40. Re8+ Kf7 41.
Rxh6 Rxe8 42. Rf6+ Ke7 43. dxe8=Q+ Kxe8 44. Rxf5 Rd2+ 45. Kg3 Rd5 46. Rxd5 1-0

[Event "Early-Titled-Tuesday-Blitz-October-24-2023"]
[Site "Chess.com"]
[Date "2023.10.24"]
[Round "2"]
[White "Haykoooo0o"]
[Black "Thunderbolt135"]
[Result "0-1"]
[WhiteElo "2480"]
[BlackElo "2760"]
[TimeControl "180+1"]
[EndTime "8:17:12 PDT"]
[Termination "Thunderbolt135 won by resignation"]

1. Nf3 c5 2. g3 g6 3. Bg2 Bg7 4.
O-O Nc6 5. c4 d6 6. Nc3 Nf6 7.
d4 cxd4 8. Nxd4 Bd7 9. Be3 O-O 10.
Qd2 Rc8 11. Nxc6 Bxc6 12. Bxc6 Rxc6 13. b3 a6 14. Bh6 Bxh6 15. Qxh6 b5 16. Qf4 bxc4 17.
bxc4 Qa5 18. Rfc1 Rfc8 19. Ne4 Nxe4 20. Qxe4 Qe5 21. Qxe5 dxe5 22. Rab1 Rxc4 23. Rxc4 Rxc4 24. Rb2 Ra4 25. Kg2 g5 26. h3 h5 27. e3 g4 28. h4 Kg7 29. Rc2 Kg6 30. Kf1 Kf5 31.
Ke2 Ke4 32. Rb2 f5 33. Rc2 f4 34. Rb2 a5 35. Rc2 e6 36. exf4 exf4 37. gxf4 Kxf4 38. Kf1 g3 39. Kg2 gxf2 40. Rxf2+ Kg4 41. Re2 e5 42.
Rxe5 Rxa2+ 43. Kg1 Kxh4 44. Re8 Rb2 45. Re5 a4 46.
Re4+ Kg3 47. Re3+ Kf4 48. Rh3 Kg4 49. Ra3 Rb4 50. Ra2 h4 51. Kg2 Kf5 52. Kh3 Ke5 53. Rd2 Rd4 54. Rb2 Kd5 55. Rb8 Kc4 56. Ra8 Kb3 0-1